TOP OF THE 1ST |
Saskatoon Smokin' Guns batting - Pitching for Seattle Rainiers : RHP Bud Baldwin
|
Pitching: RHP Bud Baldwin
|
|
Batting: LHB Andrew Veeck
|
0-0: Ball 1-0: Called Strike 1-1: Foul Ball, location: 2F 1-2: Ball 2-2: Ball 3-2: Strikes out looking
|
Batting: RHB Eric Neal
|
0-0: SINGLE (Groundball, 6MD) (infield hit)
|
Batting: LHB Freddy Herrera
|
0-0: Ball 1-0: Called Strike 1-1: Ball 2-1: Reached on error, E4 (Groundball, 4) Eric Neal to second
|
Batting: LHB Del Kennedy
|
0-0: Ball Eric Neal steals 3rd base Freddy Herrera to second 1-0: Foul Ball, location: 2F 1-1: Foul Ball, location: 2F 1-2: Foul Ball, location: 2F 1-2: Foul Ball, location: 2F 1-2: Strikes out swinging
|
Batting: RHB António Yánez
|
0-0: SINGLE (Groundball, 34) Eric Neal scores Freddy Herrera to third Runner from 3rd tries for Home, SAFE, throw made home António Yánez to second
|
Batting: RHB Oliver Harris
|
0-0: Foul Ball, location: 2F 0-1: Ball 1-1: Foul Ball, location: 2F 1-2: Ball 2-2: Strikes out swinging
|
Top of the 1st over - 2 run(s), 2 hit(s), 1 error(s), 1 left on base; Saskatoon 2 - Seattle 0 |
BOTTOM OF THE 1ST |
Seattle Rainiers batting - Pitching for Saskatoon Smokin' Guns : RHP Luis Trujillo
|
Pitching: RHP Luis Trujillo
|
|
Batting: RHB Aaron Holt
|
0-0: Swinging Strike 0-1: Ball 1-1: Called Strike 1-2: SINGLE (Groundball, 6)
|
Batting: RHB Pedro Rodríguez
|
0-0: Ball 1-0: Ball 2-0: Swinging Strike 2-1: Called Strike 2-2: Strikes out swinging
|
Batting: LHB Brian Boone
|
0-0: Called Strike 0-1: Ball 1-1: Called Strike 1-2: Ball 2-2: Strikes out looking
|
Batting: SHB Glenn Vadnais
|
0-0: DOUBLE (Line Drive, 78D) Aaron Holt to third Runner from 3rd tries for Home, SAFE, no throw or cutoff
|
Batting: RHB Chris Parker
|
0-0: Ball 1-0: Ball 2-0: Ball 3-0: Called Strike 3-1: Base on Balls
|
Batting: RHB Alejandro Ramos
|
0-0: Swinging Strike 0-1: Ball 1-1: Ball 2-1: Called Strike 2-2: Strikes out looking
|
Bottom of the 1st over - 1 run(s), 2 hit(s), 0 error(s), 2 left on base; Saskatoon 2 - Seattle 1 |
TOP OF THE 2ND |
Saskatoon Smokin' Guns batting - Pitching for Seattle Rainiers : RHP Bud Baldwin
|
Batting: RHB Xavier López
|
0-0: Ball 1-0: Fly out, F8 (Flyball, 8RM)
|
Batting: RHB Alvin Hampton
|
0-0: Called Strike 0-1: Swinging Strike 0-2: Ground out 4-3 (Groundball, 13)
|
Batting: RHB Jason O'Toole
|
0-0: Called Strike 0-1: Foul Ball, location: 2F 0-2: Strikes out swinging
|
Top of the 2nd over - 0 run(s), 0 hit(s), 0 error(s), 0 left on base; Saskatoon 2 - Seattle 1 |
BOTTOM OF THE 2ND |
Seattle Rainiers batting - Pitching for Saskatoon Smokin' Guns : RHP Luis Trujillo
|
Batting: LHB Norbert Mosley
|
0-0: Ball 1-0: Swinging Strike 1-1: SINGLE (Flyball, 7S)
|
Batting: LHB Tony Rivera
|
0-0: Foul Ball, location: 2F 0-1: Foul Ball, location: 2F 0-2: Ball 1-2: Ball 2-2: Ball 3-2: Base on Balls Norbert Mosley to second
|
Batting: RHB Bill Dawson
|
0-0: Ball 1-0: SINGLE (Groundball, 4MD) Norbert Mosley to third Tony Rivera to second Runner from 3rd tries for Home, SAFE, no throw or cutoff
|
Batting: RHB Aaron Holt
|
0-0: Ball 1-0: Fly out, F8 (Flyball, 8LM)
|
Batting: RHB Pedro Rodríguez
|
0-0: Called Strike 0-1: Ball 1-1: Foul Ball, location: 2F 1-2: Ball 2-2: Strikes out swinging
|
Batting: LHB Brian Boone
|
0-0: Called Strike 0-1: Hit by Pitch Tony Rivera to third Bill Dawson to second
|
Batting: SHB Glenn Vadnais
|
0-0: Ground out 3-1 (Groundball, 34S)
|
Bottom of the 2nd over - 1 run(s), 2 hit(s), 0 error(s), 3 left on base; Saskatoon 2 - Seattle 2 |
TOP OF THE 3RD |
Saskatoon Smokin' Guns batting - Pitching for Seattle Rainiers : RHP Bud Baldwin
|
Batting: LHB Andrew Veeck
|
0-0: Ball 1-0: Ball 2-0: Ball 3-0: Base on Balls
|
Batting: RHB Eric Neal
|
0-0: Ball 1-0: Ball 2-0: Ball 3-0: Called Strike 3-1: Called Strike 3-2: Fielders Choice at 2nd, 6-4 (Groundball, 6)
|
Batting: LHB Freddy Herrera
|
0-0: Ball 1-0: Called Strike 1-1: Called Strike 1-2: Ball 2-2: SINGLE (Groundball, 34D) Eric Neal to second Runner from 2nd tries for 3rd, SAFE, no throw or cutoff
|
Batting: LHB Del Kennedy
|
0-0: Foul Ball, location: 2F 0-1: Ball 1-1: Grounds into double play, 4-6-3 (Groundball, 4)
|
Top of the 3rd over - 0 run(s), 1 hit(s), 0 error(s), 1 left on base; Saskatoon 2 - Seattle 2 |
BOTTOM OF THE 3RD |
Seattle Rainiers batting - Pitching for Saskatoon Smokin' Guns : RHP Luis Trujillo
|
Batting: RHB Chris Parker
|
0-0: Called Strike 0-1: Called Strike 0-2: Foul Ball, location: 2F 0-2: Ball 1-2: Ground out 4-3 (Groundball, 4)
|
Batting: RHB Alejandro Ramos
|
0-0: Called Strike 0-1: Ball 1-1: Swinging Strike 1-2: Ball 2-2: Strikes out swinging
|
Batting: LHB Norbert Mosley
|
0-0: Ball 1-0: Ball 2-0: Foul Ball, location: 2F 2-1: Foul Ball, location: 2F 2-2: SINGLE (Flyball, 7S)
|
Batting: LHB Tony Rivera
|
0-0: Ball 1-0: Called Strike 1-1: SINGLE (Groundball, 4MD) Norbert Mosley to second Runner from 2nd tries for 3rd, SAFE, no throw or cutoff
|
Batting: RHB Bill Dawson
|
0-0: Called Strike 0-1: Ball 1-1: Ball 2-1: Ball 3-1: Foul Ball, location: 2F 3-2: Foul Ball, location: 2F 3-2: Foul Ball, location: 2F 3-2: Strikes out looking
|
Bottom of the 3rd over - 0 run(s), 2 hit(s), 0 error(s), 2 left on base; Saskatoon 2 - Seattle 2 |
TOP OF THE 4TH |
Saskatoon Smokin' Guns batting - Pitching for Seattle Rainiers : RHP Bud Baldwin
|
Batting: RHB António Yánez
|
0-0: Called Strike 0-1: Called Strike 0-2: Ball 1-2: Foul Ball, location: 2F 1-2: Strikes out looking
|
Batting: RHB Oliver Harris
|
0-0: Ball 1-0: SINGLE (Line Drive, 9S)
|
Batting: RHB Xavier López
|
0-0: Called Strike 0-1: DOUBLE (Line Drive, 5L) Oliver Harris to third
|
Batting: RHB Alvin Hampton
|
0-0: Ball 1-0: Called Strike 1-1: Ground out 1-3 (Groundball, 15S)
|
Batting: RHB Jason O'Toole
|
0-0: Foul Ball, location: 2F 0-1: Foul Ball, location: 2F 0-2: SINGLE (Line Drive, 56D) Oliver Harris scores Xavier López to third Runner from 3rd tries for Home, SAFE, no throw or cutoff
|
Batting: LHB Andrew Veeck
|
0-0: SINGLE (Line Drive, 6MD) Jason O'Toole to second
|
Batting: RHB Eric Neal
|
0-0: Called Strike 0-1: Ball 1-1: Foul Ball, location: 2F 1-2: Ground out 5-3 (Groundball, 5L)
|
Top of the 4th over - 2 run(s), 4 hit(s), 0 error(s), 2 left on base; Saskatoon 4 - Seattle 2 |
BOTTOM OF THE 4TH |
Seattle Rainiers batting - Pitching for Saskatoon Smokin' Guns : RHP Luis Trujillo
|
Batting: RHB Aaron Holt
|
0-0: Ball 1-0: Ground out 4-3 (Groundball, 13)
|
Batting: RHB Pedro Rodríguez
|
0-0: Foul Ball, location: 2F 0-1: Ball 1-1: SINGLE (Groundball, 6MD)
|
Batting: LHB Brian Boone
|
0-0: Ball 1-0: Foul Ball, location: 2F 1-1: Called Strike 1-2: Ball 2-2: SINGLE (Groundball, 4MD) (infield hit) Pedro Rodríguez to second
|
Batting: SHB Glenn Vadnais
|
0-0: Ball 1-0: Called Strike 1-1: Ball 2-1: Called Strike 2-2: Foul Ball, location: 2F 2-2: Strikes out swinging
|
Pitching: LHP Macy Catron
|
|
Batting: RHB Chris Parker
|
0-0: Ball 1-0: Foul Ball, location: 2F 1-1: Reached on error, E3 (Groundball, 3) Pedro Rodríguez to third Brian Boone to second
|
Batting: RHB Alejandro Ramos
|
0-0: Called Strike 0-1: Swinging Strike 0-2: Strikes out swinging
|
Bottom of the 4th over - 0 run(s), 2 hit(s), 1 error(s), 3 left on base; Saskatoon 4 - Seattle 2 |
TOP OF THE 5TH |
Saskatoon Smokin' Guns batting - Pitching for Seattle Rainiers : RHP Bud Baldwin
|
Batting: LHB Freddy Herrera
|
0-0: Ball 1-0: Fly out, F3 (Line Drive, 3)
|
Batting: LHB Del Kennedy
|
0-0: Called Strike 0-1: Ground out 4-3 (Groundball, 4)
|
Batting: RHB António Yánez
|
0-0: Called Strike 0-1: Ball 1-1: Ball 2-1: Ground out 4-3 (Groundball, 34)
|
Top of the 5th over - 0 run(s), 0 hit(s), 0 error(s), 0 left on base; Saskatoon 4 - Seattle 2 |
BOTTOM OF THE 5TH |
Seattle Rainiers batting - Pitching for Saskatoon Smokin' Guns : LHP Macy Catron
|
Batting: LHB Norbert Mosley
|
0-0: Called Strike 0-1: Ball 1-1: Foul Ball, location: 2F 1-2: Ball 2-2: Ball 3-2: Strikes out looking
|
Batting: LHB Tony Rivera
|
0-0: Ball 1-0: Foul Ball, location: 2F 1-1: Foul Ball, location: 2F 1-2: Ground out 1-3 (Groundball, 13S)
|
Batting: RHB Bill Dawson
|
0-0: Ball 1-0: Swinging Strike 1-1: Foul Ball, location: 2F 1-2: Foul Ball, location: 2F 1-2: Foul Ball, location: 2F 1-2: Strikes out swinging
|
Bottom of the 5th over - 0 run(s), 0 hit(s), 0 error(s), 0 left on base; Saskatoon 4 - Seattle 2 |
TOP OF THE 6TH |
Saskatoon Smokin' Guns batting - Pitching for Seattle Rainiers : RHP Bud Baldwin
|
Batting: RHB Oliver Harris
|
0-0: Ball 1-0: Foul Ball, location: 2F 1-1: Foul Ball, location: 2F 1-2: Strikes out looking
|
Batting: RHB Xavier López
|
0-0: SINGLE (Groundball, 56D) (infield hit)
|
Batting: RHB Alvin Hampton
|
0-0: Called Strike 0-1: Foul Ball, location: 2F 0-2: Ball 1-2: Ball Xavier López steals 2nd base 2-2: Strikes out looking
|
Pitching: RHP César Rodríguez
|
|
Batting: RHB Jason O'Toole
|
0-0: DOUBLE (Line Drive, 78M) Xavier López scores
|
Batting: LHB Andrew Veeck
|
0-0: Ball 1-0: Called Strike 1-1: Called Strike 1-2: Ball 2-2: Ball 3-2: Foul Ball, location: 2F 3-2: Strikes out swinging
|
Top of the 6th over - 1 run(s), 2 hit(s), 0 error(s), 1 left on base; Saskatoon 5 - Seattle 2 |
BOTTOM OF THE 6TH |
Seattle Rainiers batting - Pitching for Saskatoon Smokin' Guns : LHP Macy Catron
|
Batting: RHB Aaron Holt
|
0-0: Fly out, F9 (Flyball, 9LM)
|
Batting: RHB Pedro Rodríguez
|
0-0: Ball 1-0: Ball 2-0: Foul Ball, location: 2F 2-1: Ball 3-1: DOUBLE (Line Drive, 9LS)
|
Batting: LHB Brian Boone
|
0-0: Ground out 6-3 (Groundball, 6M) Pedro Rodríguez to third
|
Batting: SHB Glenn Vadnais
|
0-0: Ball 1-0: Called Strike 1-1: Fly out, F9 (Flyball, 89D)
|
Bottom of the 6th over - 0 run(s), 1 hit(s), 0 error(s), 1 left on base; Saskatoon 5 - Seattle 2 |
TOP OF THE 7TH |
Saskatoon Smokin' Guns batting - Pitching for Seattle Rainiers : RHP César Rodríguez
|
Batting: RHB Eric Neal
|
0-0: Called Strike 0-1: Ball 1-1: Called Strike 1-2: Strikes out swinging
|
Batting: LHB Freddy Herrera
|
0-0: Ball 1-0: Ball 2-0: DOUBLE (Line Drive, 9LM)
|
Batting: LHB Del Kennedy
|
0-0: Ball 1-0: Ball 2-0: Foul Ball, location: 2F 2-1: Foul Ball, location: 2F 2-2: Foul Ball, location: 2F 2-2: SINGLE (Groundball, 34D) Freddy Herrera to third Runner from 3rd tries for Home, SAFE, no throw or cutoff
|
Batting: RHB António Yánez
|
0-0: Ball 1-0: Called Strike 1-1: Ball 2-1: Ground out 3-1 (Groundball, 34S) Del Kennedy to second
|
Batting: RHB Oliver Harris
|
0-0: Intentional Walk
|
Batting: RHB Xavier López
|
0-0: Swinging Strike 0-1: Ball Wild Pitch! Del Kennedy to third Oliver Harris to second 1-1: Ball 2-1: Swinging Strike 2-2: Foul Ball, location: 2F 2-2: Foul Ball, location: 2F 2-2: Ball 3-2: Strikes out swinging
|
Top of the 7th over - 1 run(s), 2 hit(s), 0 error(s), 2 left on base; Saskatoon 6 - Seattle 2 |
BOTTOM OF THE 7TH |
Seattle Rainiers batting - Pitching for Saskatoon Smokin' Guns : LHP Macy Catron
|
Pitching: LHP Manuel Gil
|
|
Batting: RHB Chris Parker
|
0-0: Called Strike 0-1: Ball 1-1: Ball 2-1: Swinging Strike 2-2: Fly out, F3 (Popup, 3F)
|
Batting: RHB Alejandro Ramos
|
0-0: Called Strike 0-1: Ball 1-1: Foul Ball, location: 2F 1-2: Fly out, F8 (Line Drive, 8LM)
|
Batting: LHB Norbert Mosley
|
0-0: SINGLE (Groundball, 34D)
|
Batting: LHB Tony Rivera
|
0-0: Ball 1-0: Ball 2-0: Ball 3-0: Base on Balls Norbert Mosley to second
|
Batting: RHB Bill Dawson
|
0-0: Swinging Strike 0-1: Ball 1-1: Swinging Strike 1-2: Strikes out swinging
|
Bottom of the 7th over - 0 run(s), 1 hit(s), 0 error(s), 2 left on base; Saskatoon 6 - Seattle 2 |
TOP OF THE 8TH |
Saskatoon Smokin' Guns batting - Pitching for Seattle Rainiers : RHP César Rodríguez
|
Pitching: LHP Jeff Stevenson
|
|
Batting: RHB Alvin Hampton
|
0-0: Called Strike 0-1: Ball 1-1: Foul Ball, location: 2F 1-2: Ball 2-2: Strikes out swinging
|
Batting: RHB Jason O'Toole
|
0-0: Ball 1-0: Foul Ball, location: 2F 1-1: Fly out, F7 (Flyball, 78S)
|
Batting: LHB Andrew Veeck
|
0-0: Fly out, F5 (Popup, 5DF)
|
Top of the 8th over - 0 run(s), 0 hit(s), 0 error(s), 0 left on base; Saskatoon 6 - Seattle 2 |
BOTTOM OF THE 8TH |
Seattle Rainiers batting - Pitching for Saskatoon Smokin' Guns : LHP Manuel Gil
|
Batting: RHB Aaron Holt
|
0-0: Ball 1-0: Called Strike 1-1: Ball 2-1: Ground out 6-3 (Groundball, 6S)
|
Batting: RHB Pedro Rodríguez
|
0-0: Ball 1-0: Ball 2-0: Foul Ball, location: 2F 2-1: Foul Ball, location: 2F 2-2: Ball 3-2: Strikes out swinging
|
Batting: LHB Brian Boone
|
0-0: Called Strike 0-1: Ball 1-1: Ground out 4-3 (Groundball, 4M)
|
Bottom of the 8th over - 0 run(s), 0 hit(s), 0 error(s), 0 left on base; Saskatoon 6 - Seattle 2 |
TOP OF THE 9TH |
Saskatoon Smokin' Guns batting - Pitching for Seattle Rainiers : LHP Jeff Stevenson
|
Batting: RHB Eric Neal
|
0-0: Ball 1-0: Ball 2-0: Ball 3-0: Base on Balls
|
Batting: LHB Freddy Herrera
|
0-0: Called Strike 0-1: Ball 1-1: Ball 2-1: Foul Ball, location: 2F 2-2: Strikes out swinging
|
Batting: LHB Del Kennedy
|
0-0: Called Strike Eric Neal is caught stealing 2nd base 0-1: Ball 1-1: Foul Ball, location: 2F 1-2: SINGLE (Groundball, 4MD)
|
Batting: RHB António Yánez
|
0-0: Foul Ball, location: 2F 0-1: Ball 1-1: Foul Ball, location: 2F 1-2: Foul Ball, location: 2F 1-2: Strikes out swinging
|
Top of the 9th over - 0 run(s), 1 hit(s), 0 error(s), 1 left on base; Saskatoon 6 - Seattle 2 |
BOTTOM OF THE 9TH |
Seattle Rainiers batting - Pitching for Saskatoon Smokin' Guns : LHP Manuel Gil
|
Pitching: RHP Clayton Hawkins
|
|
Batting: SHB Glenn Vadnais
|
0-0: Fly out, F9 (Flyball, 9S)
|
Batting: RHB Chris Parker
|
0-0: Ball 1-0: Called Strike 1-1: Called Strike 1-2: Strikes out swinging
|
Batting: RHB Alejandro Ramos
|
0-0: Swinging Strike 0-1: Foul Ball, location: 2F 0-2: Hit by Pitch
|
Batting: LHB Norbert Mosley
|
0-0: Ball 1-0: Ball 2-0: Ball 3-0: Called Strike 3-1: Swinging Strike 3-2: Base on Balls Alejandro Ramos to second
|
Batting: LHB Tony Rivera
|
0-0: Ball 1-0: Called Strike 1-1: Called Strike 1-2: Foul Ball, location: 2F 1-2: Strikes out swinging
|
Bottom of the 9th over - 0 run(s), 0 hit(s), 0 error(s), 2 left on base; Saskatoon 6 - Seattle 2 |
|